 Dungeon Crawl Stone Soup version 0.31.0-11-ge490571c62 (webtiles) character file.

Game seed: 3775182484470326961

18236 Amaterasu the Basher (level 12, -1/104 HPs)
             Began as an Armataur Fighter on Jan 26, 2024.
             Was a Priest of Uskayaw.
             Slain by a yak (7 damage)
             ... on level 1 of the Lair of Beasts.
             The game lasted 00:29:01 (10757 turns).

Amaterasu the Basher (Armataur Fighter)            Turns: 10757, Time: 00:29:04

Health: -1/104     AC: 21    Str: 23    XL:     12   Next: 25%
Magic:  0/26       EV:  6    Int:  8    God:    Uskayaw [***...]
Gold:   621        SH:  9    Dex: 12    Spells: 11/11 levels left

rFire   . . .        w - +1 morningstar (heavy)
rCold   . . .        c - +0 buckler
rNeg    . . .        j - +0 plate armour
rPois   .            l - +1 helmet
rElec   .            (no cloak)
rCorr   .            b - +2 pair of gloves
SInv    .            (no barding)
Will    .....        D - amulet of guardian spirit Stlth
                     C - ring of magical power
HPRegen 1.02/turn    n - +4 ring of protection
MPRegen 0.53/turn

%: guardian spirit, roll
@: studying 2 skills
A: large, deformed body, tough skin 3, armoured tail, roll 2, large bone plates
1, weak 1
a: Renounce Religion, Stomp, Line Pass


You were on level 1 of the Lair of Beasts.
You worshipped Uskayaw.
Uskayaw was noncommittal.
You visited 2 branches of the dungeon, and saw 12 of its levels.

You collected 621 gold pieces.

Inventory:

Hand Weapons
 t - a +1 flail of protection
 w - a +1 heavy morningstar (weapon)
Missiles
 u - 3 throwing nets (quivered)
 I - 7 javelins
Armour
 b - a +2 pair of gloves (worn)
 c - a +0 buckler (worn)
 j - a +0 plate armour (worn)
 l - a +1 helmet (worn)
 G - a +0 hat of intelligence
Jewellery
 n - a +4 ring of protection (right hand)
 p - a ring of protection from cold
 C - a ring of magical power (left hand)
 D - an amulet of guardian spirit (around neck)
 H - a ring of fire
Talismans
 a - a beast talisman
Wands
 e - a wand of charming (9)
 x - a wand of polymorph (11)
 A - a wand of iceblast (6)
 B - a wand of quicksilver (8)
Scrolls
 g - 4 scrolls of vulnerability
 i - 4 scrolls of enchant weapon
 o - 2 scrolls of poison
 r - a scroll of amnesia
 s - a scroll of torment
 y - a scroll of enchant armour
 F - 2 scrolls of fear
Potions
 d - 3 potions of might
 f - a potion of invisibility
 h - 6 potions of curing
 k - a potion of heal wounds
 m - a potion of berserk rage
 q - 2 potions of lignification {unknown}
 v - 2 potions of brilliance {unknown}
 z - a potion of attraction {unknown}


   Skills:
 * Level 9.1 Fighting
 * Level 13.1 Maces & Flails
 * Level 8.9 Armour
 * Level 5.4 Dodging
 - Level 4.0 Shields
 * Level 7.4 Invocations


You had 11 spell levels left.
You didn't know any spells.
Your spell library contained the following spells:

 Spells                   Type           Power      Damage    Failure   Level
 Magic Dart               Conj           0%         1d3       100%        1
 Blink                    Tloc           0%         N/A       100%        2
 Call Imp                 Summ           0%         N/A       100%        2
 Cigotuvi's Dreadful Rot  Necr/Alch/Air  0%         N/A       100%        2
 Jinxbite                 Hex            0%         N/A       100%        2
 Static Discharge         Conj/Air       0%         3-3/arc   100%        2
 Dazzling Flash           Conj/Hex       0%         N/A       100%        3
 Fugue of the Fallen      Necr           0%         N/A       100%        3
 Mephitic Cloud           Conj/Alch/Air  0%         N/A       100%        3
 Passwall                 Erth           0%         N/A       100%        3
 Vampiric Draining        Necr           0%         2d6       100%        3
 Airstrike                Air            0%         2d(0-16)  100%        4
 Brom's Barrelling Bould  Conj/Erth      0%         2d3       100%        4
 Martyr's Knell           Necr/Summ      0%         N/A       100%        4
 Passage of Golubria      Tloc           0%         N/A       100%        4
 Summon Lightning Spire   Summ/Air       0%         N/A       100%        4
 Curse of Agony           Necr           0%         N/A       100%        5
 Lee's Rapid Deconstruct  Erth           0%         3d4*      100%        5
 Silence                  Hex/Air        0%         N/A       100%        5
 Summon Forest            Summ/Tloc      0%         N/A       100%        5
 Enfeeble                 Hex            0%         N/A       100%        7
 Lehudib's Crystal Spear  Conj/Erth      0%         10d2      100%        8


Dungeon Overview and Level Annotations

Branches:
Dungeon (11/15)            Temple (0/1) D:6            Lair (1/5) D:8
    Orc (0/2) D:11

Altars:
Ashenzari
Elyvilon
Gozag
Hepliaklqana
Kikubaaqudgha
Makhleb
Okawaru
Qazlal
Ru
Uskayaw
Xom

Shops:
D:3 *   D:10 !


Innate Abilities, Weirdness & Mutations

Armour fits poorly on your strangely shaped body.
You have extremely tough skin. (AC +3)
You have a long armoured tail.
You regenerate magic and health when rolling toward enemies. (Rampage Regen)
You are partially covered in large bone plates. (SH +4)
You are weak. (Str -2)


Message History

The yak is heavily wounded.
The wolf bites you! The wolf bites you.
The wolf bites you but does no damage. x2
The yak gores you but does no damage. The wolf bites you but does no damage.
You block the wolf's attack. The wolf bites you! You block the wolf's attack.
The yak gores you! The yak barely misses you.
The yak gores you but does no damage. The yak gores you!
Uskayaw will force your foes to helplessly watch your dance.
Uskayaw prepares the audience for your solo!
The helpless yak fails to defend itself.
You flatten the yak like a pancake!!!
You kill the yak!
The helpless yak fails to defend itself.
You hit the yak but do no damage.
The yak is moderately wounded.
The wolf is no longer paralysed. x6; The yak is no longer paralysed. x3
You block the wolf's attack. The wolf bites you. The wolf barely misses you. x2
You block the yak's attack. The yak gores you but does no damage.
The yak gores you. The wolf bites you but does no damage. The wolf bites you!
The wolf bites you but does no damage. x2; The wolf bites you!
* * * LOW HITPOINT WARNING * * *
The yak gores you!
* * * LOW HITPOINT WARNING * * *
The yak gores you!
* * * LOW HITPOINT WARNING * * *
The yak gores you but does no damage.
You don't have enough magic at the moment.
You miss the wolf.
You tail-slap the wolf, but do no damage.
The wolf is heavily wounded.
You block the wolf's attack. The wolf bites you but does no damage.
You block the wolf's attack.
The wolf bites you but does no damage. x3
The wolf bites you.
* * * LOW HITPOINT WARNING * * *
The wolf bites you.
* * * LOW HITPOINT WARNING * * *
The wolf bites you but does no damage. x2
The yak gores you but does no damage. The yak gores you.
* * * LOW HITPOINT WARNING * * *
The yak gores you!
You die...

#.............
#..............
#...........#..
#..............
#..............
#..............
#...YYh.......
#...h@Y.......
#...hhh.......
#....h........
#.............
#.............
#..........+..
#..........# .
#..........#
#..........#


You could see 3 yaks and 6 wolves.

Vanquished Creatures
  Gastronok (D:9)
  A centaur warrior (D:9)
  A boulder beetle (D:11)
  A two-headed ogre (D:10)
  A skeletal warrior (D:9)
  Pikel (D:8)
  Maurice (D:9)
  2 cyclopes
  Joseph (D:8)
  An elephant (D:8)
  A cane toad (Lair:1)
  A kobold demonologist (D:11)
  Jeremiah (D:8)
  An unseen horror (D:11)
  An efreet (D:9)
  Psyche (D:9)
  A komodo dragon (Lair:1)
  Grinder (D:6)
  Prince Ribbit (D:7)
  Sigmund (D:5)
  A spriggan (D:11)
  2 shadows
  2 wraiths
  25 yaks
  A basilisk (D:9)
  2 wyverns
  3 vampire mosquitoes (D:10)
  2 acid dragons
  Menkaure (D:7)
  A water moccasin (D:9)
  10 orc warriors
  4 sky beasts
  3 ice beasts
  2 ogres
  11 centaurs
  3 lemures (D:8)
  A kobold brigand (D:11)
  8 bullfrogs
  A gnoll sergeant (D:7)
  6 scorpions
  3 wights (D:7)
  5 electric eels (D:11)
  5 orc priests
  5 hounds
  2 jellies (D:6)
  10 orc wizards
  Terence (D:2)
  7 gnolls
  8 adders
  2 white imps (D:6)
  7 dart slugs
  A ribbon worm (D:4)
  42 orcs
  9 ball pythons
  9 endoplasms
  A giant cockroach (D:1)
  8 goblins
  9 hobgoblins
  7 jackals (D:2)
  2 quokkas
  4 bats
  11 kobolds
  3 rats
271 creatures vanquished.

Vanquished Creatures (others)
  A human (D:8)
1 creature vanquished.

Grand Total: 272 creatures vanquished

Notes
Turn   | Place    | Note
-------+----------+-------------------------------------------
     0 | D:1      | Amaterasu the Armataur Fighter began the quest for the Orb.
     0 | D:1      | Reached XP level 1. HP: 18/18 MP: 1/1
    37 | D:1      | Reached skill level 2 in Maces & Flails
   110 | D:1      | Reached XP level 2. HP: 10/25 MP: 2/2
   304 | D:1      | Reached skill level 3 in Maces & Flails
   390 | D:1      | Reached XP level 3. HP: 29/30 MP: 3/3
   810 | D:2      | Noticed Terence
   826 | D:2      | Killed Terence
   827 | D:2      | Reached skill level 4 in Maces & Flails
   827 | D:2      | Reached XP level 4. HP: 37/37 MP: 4/4
  1242 | D:3      | Found Resaf's Assorted Antiques.
  1342 | D:3      | Found a broken altar of Ashenzari.
  1800 | D:3      | Reached XP level 5. HP: 36/42 MP: 5/5
  1865 | D:3      | Found a sacrificial altar of Ru.
  1948 | D:4      | Reached skill level 5 in Maces & Flails
  2042 | D:4      | Found a hide-covered altar of Uskayaw.
  2054 | D:4      | Became a worshipper of Uskayaw the Reveller
  2173 | D:4      | Reached * piety under Uskayaw
  2440 | D:4      | Reached XP level 6. HP: 52/52 MP: 6/6
  2446 | D:4      | Reached ** piety under Uskayaw
  2449 | D:4      | Reached *** piety under Uskayaw
  2465 | D:4      | Found a shimmering altar of Xom.
  2505 | D:4      | Identified a scroll of acquirement
  2505 | D:4      | Acquired a manual of Invocations
  2514 | D:5      | Entered Level 5 of the Dungeon
  2632 | D:5      | Reached skill level 1 in Invocations
  2815 | D:5      | Gained mutation: You regenerate magic and health when
                  | rolling toward enemies. (Rampage Regen) [Armataur growth]
  2815 | D:5      | Reached XP level 7. HP: 60/60 MP: 9/9
  2852 | D:5      | Noticed Sigmund
  2858 | D:5      | Killed Sigmund
  2859 | D:5      | Reached skill level 5 in Fighting
  2859 | D:5      | Reached skill level 5 in Invocations
  3006 | D:5      | Reached **** piety under Uskayaw
  3588 | D:6      | Got Ustrif's Papyrus of Warped Cadavers
  3620 | D:6      | Noticed Grinder
  3646 | D:6      | Killed Grinder
  3647 | D:6      | Reached XP level 8. HP: 18/68 MP: 10/12
  3905 | D:6      | Found a staircase to the Ecumenical Temple.
  3954 | D:6      | Reached skill level 6 in Maces & Flails
  4060 | D:6      | Reached skill level 1 in Dodging
  4370 | D:6      | Reached skill level 7 in Maces & Flails
  4370 | D:6      | Reached skill level 5 in Armour
  4375 | D:6      | Reached ***** piety under Uskayaw
  4436 | D:6      | Reached XP level 9. HP: 75/75 MP: 13/13
  4722 | D:6      | Reached skill level 8 in Maces & Flails
  4991 | D:7      | Gained mutation: You are agile. (Dex +4, Str/Int -1)
                  | [potion of mutation]
  4991 | D:7      | Gained mutation: You are weak. (Str -2) [potion of
                  | mutation]
  4991 | D:7      | Gained mutation: Your flesh is cold resistant. (rC+)
                  | [potion of mutation]
  4991 | D:7      | Gained mutation: You are strong-willed. (Will+) [potion of
                  | mutation]
  5301 | D:7      | Noticed Menkaure
  5305 | D:7      | Killed Menkaure
  5414 | D:7      | Noticed Prince Ribbit
  5432 | D:7      | Killed Prince Ribbit
  5752 | D:8      | Noticed an elephant
  5766 | D:8      | Killed an elephant
  5767 | D:8      | Reached skill level 9 in Maces & Flails
  5877 | D:8      | Reached XP level 10. HP: 79/84 MP: 14/14
  5978 | D:8      | Found a staircase to the Lair.
  6082 | D:8      | Noticed Pikel
  6092 | D:8      | Killed Pikel
  6271 | D:8      | Found an iron altar of Okawaru.
  6275 | D:8      | Noticed Joseph
  6293 | D:8      | Killed Joseph
  6352 | D:8      | Noticed Jeremiah
  6402 | D:8      | Killed Jeremiah
  6515 | D:8      | Reached skill level 10 in Maces & Flails
  6784 | D:8      | Found a hazy altar of Hepliaklqana.
  6953 | D:8      | Found an ancient bone altar of Kikubaaqudgha.
  7155 | D:9      | Noticed Psyche
  7169 | D:9      | Killed Psyche
  7332 | D:9      | Noticed a skeletal warrior
  7332 | D:9      | Noticed a centaur warrior
  7348 | D:9      | Noticed Gastronok
  7348 | D:9      | Noticed Maurice
  7554 | D:9      | Reached skill level 11 in Maces & Flails
  7596 | D:9      | Killed a centaur warrior
  7674 | D:9      | Reached XP level 11. HP: 92/92 MP: 15/15
  7762 | D:9      | Got the Precepts of Spelunking and the Jinx
  7764 | D:9      | Got the Annotations on the Ground and Abominable Liturgies
  7814 | D:9      | Something stole a ring of fire
  7820 | D:9      | Something stole a beast talisman
  7822 | D:9      | Something stole 3 throwing nets
  7825 | D:9      | Killed Maurice
  8035 | D:9      | Killed Gastronok
  8516 | D:9      | Killed a skeletal warrior
  8517 | D:9      | Reached skill level 12 in Maces & Flails
  8660 | D:10     | Entered Level 10 of the Dungeon
  8660 | D:10     | Found a burning altar of Makhleb.
  8686 | D:10     | Found a stormy altar of Qazlal.
  8733 | D:10     | Noticed a two-headed ogre
  8744 | D:10     | Killed a two-headed ogre
  8745 | D:10     | Reached skill level 5 in Dodging
  8934 | D:10     | Found a white marble altar of Elyvilon.
  9070 | D:10     | Found an opulent altar of Gozag.
  9254 | D:10     | Found Zak Ibifu's Distillery.
  9817 | D:11     | Reached XP level 12. HP: 103/103 MP: 17/17
  9916 | D:11     | Identified the +2 pair of boots of Spite {rN+ Regen+}
  9992 | D:11     | Reached ****** piety under Uskayaw
 10018 | D:11     | Found a staircase to the Orcish Mines.
 10118 | D:11     | Identified the +1 ring mail of Asmek {rPois MP+9}
 10189 | D:11     | Noticed a boulder beetle
 10203 | D:11     | Identified the +3 robe of Syluik {+Inv rF+ rC+ Regen+}
 10211 | D:11     | Killed a boulder beetle
 10288 | D:11     | Reached skill level 13 in Maces & Flails
 10638 | D:11     | Lost mutation: You are agile. (Dex +4, Str/Int -1) [potion
                  | of mutation]
 10638 | D:11     | Lost mutation: You are strong-willed. (Will+) [potion of
                  | mutation]
 10638 | D:11     | Lost mutation: Your flesh is cold resistant. (rC+) [potion
                  | of mutation]
 10638 | D:11     | Gained mutation: You are partially covered in large bone
                  | plates. (SH +4) [potion of mutation]
 10740 | Lair:1   | Entered Level 1 of the Lair of Beasts
 10757 | Lair:1   | Slain by a yak

Illustrated notes

Levels and vault maps discovered:
D:1:      saegor_arrival_simple_d, layout_rooms
D:2:      layout_rooms, uniq_terence
D:3:      layout_basic, mainiacjoe_overflow_small_starburst, ashenzari_altar_1,
          serial_shops, nicolae_shop_real_fake_doors
D:4:      layout_gridville, nicolae_uskayaw_suspiria, lemuel_doored_altar,
          chequers_serial_rivers_large_b, due_unseen_surprise
D:5:      layout_basic, uniq_sigmund
D:6:      cheibrodos_barr_body, layout_basic, minmay_temple_entry_mist,
          uniq_grinder
D:7:      layout_basic, uniq_menkaure, uniq_prince_ribbit1
D:8:      layout_cave_pods, tgw_kikubaaqudgha, nicolae_hepliaklqana_hippocampus,
          okawaru_gym_becter, grunt_lair_entry_orc_guard_hut, uniq_jeremiah,
          uniq_joseph, uniq_pikel
D:9:      minmay_shrinking_squares, layout_basic, minmay_fountain_box,
          uniq_maurice, uniq_psyche, uniq_gastronok
D:10:     layout_loops_ring, mainiacjoe_overflow_24_doors,
          nicolae_overflow_crystal_walls, bloody_makhleb,
          nicolae_qazlal_scattered_showers, kennysheep_small_circle
D:11:     layout_basic, david_orc_4, the_hattery
Lair:1:   kb_forest_paths, layout_regular_city, serial_bayou_shore_a

Skill      XL: |  1  2  3  4  5  6  7  8  9 10 11 12 |
---------------+-------------------------------------+-----
Maces & Flails | 2 3 4 5 7 9 11 12 13 | 13.1
Fighting       | 3 4 5 6 7 8 9 |  9.1
Invocations    | 3 5 6 7 |  7.4
Armour         | 4 5 6 7 8 |  8.9
Dodging        | 1 4 5 |  5.4
Shields        | 4 |  4.0

Action                     |  1- 3 |  4- 6 |  7- 9 | 10-12 || total
---------------------------+-------+-------+-------+-------++-------
  Melee: Flail             |    88 |   160 |   298 |   205 ||   751
         Tailslap          |     4 |    14 |    41 |    79 ||   138
         Morningstar       |       |       |       |   253 ||   253
 Invoke: Stomp             |       |       |     1 |     1 ||     2
         Line Pass         |       |       |     1 |     1 ||     2
    Use: Scroll            |     3 |     8 |     5 |     5 ||    21
         Potion            |       |       |     1 |     1 ||     2
   Stab: Paralysed         |       |     1 |    16 |    29 ||    46
 Armour: Scale mail        |    79 |   137 |    33 |       ||   249
         Chain mail        |       |       |   259 |    28 ||   287
         Plate armour      |       |       |       |   570 ||   570
  Dodge: Dodged            |    37 |    52 |    64 |   117 ||   270
  Block: Buckler           |    15 |    27 |    78 |   116 ||   236
